 Dungeon Crawl Stone Soup version 0.28.0-43-g3370ac3207 (webtiles) character file.

Game seed: 1796258820384838813

45 issech the Cudgeller (level 3, -2/36 HPs)
             Began as a Troll Monk on Mar 22, 2022.
             Slain by Sigmund
             ... wielding a +0 scythe
              (9 damage)
             ... on level 2 of the Dungeon.
             The game lasted 00:06:04 (1474 turns).

issech the Cudgeller (Troll Monk)                   Turns: 1474, Time: 00:06:05

Health: -2/36      AC:  6    Str: 19    XL:     3   Next: 42%
Magic:  2/2        EV: 10    Int:  6    God:
Gold:   44         SH:  0    Dex: 14    Spells: 2/2 levels left

rFire   . . .      SeeInvis .   a - +0 mace
rCold   . . .      Faith    .   (no shield)
rNeg    . . .      Spirit   .   b - +0 robe
rPois   .          Reflect  .   p - +2 hat
rElec   .          Harm     .   (no cloak)
rCorr   .          Rampage  .   (gloves unavailable)
Will    .....                   (boots unavailable)
Stlth   ++........              (no amulet)
HPRegen 0.92/turn               (no ring)
MPRegen 0.08/turn               (no ring)

@: no status effects
A: large, unfitting armour, claws 3, regeneration 1, shaggy fur 1, tough skin 1
a: no special abilities


You were on level 2 of the Dungeon.
You visited 1 branch of the dungeon, and saw 2 of its levels.

You collected 44 gold pieces.

Inventory:

Hand Weapons
 a - a +0 mace (weapon)
 m - a +0 hunting sling
Missiles
 c - 116 stones (quivered)
 i - 12 arrows
 l - 16 sling bullets
 o - 5 boomerangs
 q - 23 bolts
Armour
 b - a +0 robe (worn)
 p - a +2 hat (worn)
Scrolls
 g - 3 scrolls of identify {unknown}
 h - a scroll of enchant weapon {unknown}
 j - a scroll of silence {unknown}
 n - a scroll of amnesia {unknown}
 r - a scroll of vulnerability {unknown}
Potions
 d - a potion of might {unknown}
 e - a potion of flight {unknown}
 f - a potion of haste {unknown}
 k - 2 potions of curing {unknown}
 s - 2 potions of resistance {unknown}


   Skills:
 + Level 2.8 Fighting
 + Level 3.4 Maces & Flails
 + Level 2.7 Dodging
 + Level 1.1 Stealth


You had 2 spell levels left.
You didn't know any spells.
Your spell library was empty.

Dungeon Overview and Level Annotations

Branches:
Dungeon (2/15)

Altars:
Cheibriados

Annotations:
D:2 Sigmund


Innate Abilities, Weirdness & Mutations

You are too large for most types of armour.
You have claws for hands.
Your natural rate of healing is unusually fast.
You are covered in fur. (AC +1)
You have tough skin. (AC +1)


Message History

You hit Sigmund.
Sigmund is heavily wounded.
Sigmund gestures at you while chanting. The puff of flame hits you.
Sigmund misses you.
You hit Sigmund.
Sigmund is severely wounded.
You hit Sigmund but do no damage.
Sigmund is severely wounded.
Sigmund hits you but does no damage.
You hit Sigmund but do no damage.
Sigmund is severely wounded.
Sigmund hits you with a +0 scythe!
You closely miss Sigmund.
Sigmund is severely wounded.
Sigmund hits you with a +0 scythe!
* * * LOW HITPOINT WARNING * * *
You sock Sigmund!
Sigmund is almost dead.
Sigmund casts a spell at you.
You are confused.
Sigmund gestures at you while chanting. You resist with significant effort.
Non-targeted confused throw: 118 stones
Press: ? - help, Q - select action, (/) - cycle Dir - look around, f - activate You throw a stone.
Sigmund barely misses you.
Unknown command.
Non-targeted confused throw: 117 stones
Press: ? - help, Q - select action, (/) - cycle Dir - look around, f - activate You throw a stone.
You're too confused to move!
Sigmund casts a spell at you. The puff of flame hits you!
* * * LOW HITPOINT WARNING * * *
Sigmund points at you and mumbles some strange words.
You resist with significant effort.
You bump into the rock wall.
You feel less confused.
Sigmund hits you from afar with a +0 scythe!
You die...

#....############.....#
#>...'...[.............
####....#############...##
..........#.##.....###'#..
#######.#..........# #.#.#
#.##############.#.# #####
#.#..............#.#
.....#.#.##############.#
#..#.#@#...(...).......
#....#......#######....
#.##.#@.....# #....
#....#......#######....
####.†............'....
........#.############....
#######.#.# #.... #.#.#
#..(. #.#+# #####


You could see Sigmund.

Vanquished Creatures
  An adder (D:2)
  A worm (D:2)
  5 endoplasms (D:1)
  3 giant cockroaches
  3 goblins
  3 hobgoblins (D:1)
  A quokka (D:1)
  4 ball pythons
  2 bats
  5 frilled lizards
  3 kobolds (D:1)
  2 rats (D:1)
33 creatures vanquished.

Notes
Turn   | Place    | Note
-------+----------+-------------------------------------------
     0 | D:1      | issech the Troll Monk began the quest for the Orb.
     0 | D:1      | Reached XP level 1. HP: 22/22 MP: 0/0
   176 | D:1      | Reached skill level 3 in Maces & Flails
   176 | D:1      | Reached XP level 2. HP: 29/29 MP: 1/1
   537 | D:1      | Found a faded altar of an unknown god.
   844 | D:2      | Reached XP level 3. HP: 36/36 MP: 2/2
  1129 | D:2      | Found a snail-covered altar of Cheibriados.
  1376 | D:2      | Noticed Sigmund
  1474 | D:2      | Slain by Sigmund

Illustrated notes

Levels and vault maps discovered:
D:1:      kilobyte_arrival_exit_the_forest, layout_rooms, serial_rivers,
          chequers_serial_rivers_marsh, chequers_serial_rivers_small_b,
          chequers_serial_rivers_room_b, chequers_serial_rivers_marsh,
          hellmonk_ecumenical_altar_inner_sanctum, minmay_misc_feat_rugged,
          grunt_decor_one_mirror, minmay_pentomino_o4
D:2:      layout_basic, basic_altar, minivault_11,
          minmay_misc_feat_four_crosses, uniq_sigmund, uniq_jessica,
          uniq_crazy_yiuf_cottage

Skill      XL: |  1 |
---------------+----+-----
Maces & Flails | 3 |  3.4
Fighting       | |  2.8
Dodging        | |  2.7
Stealth        | |  1.1

Action                   || total
-------------------------++-------
Melee: Mace              ||   128
       Punch             ||     2
Throw: Stone             ||     7
 Stab: Sleeping          ||     2
Armor: Robe              ||    52
Dodge: Dodged            ||    82
